 Dungeon Crawl Stone Soup version 0.28.0-43-g3370ac3207 (webtiles) character file.

Game seed: 7637428289217862310

251 sking99 the Changer (level 6, -3/39 HPs)
             Began as an Octopode Transmuter on Mar 24, 2022.
             Was an Initiate of Ru.
             Succumbed to a scorpion's poison
             ... on level 5 of the Dungeon on Mar 25, 2022.
             The game lasted 00:06:17 (5064 turns).

sking99 the Changer (Octopode Transmuter)           Turns: 5064, Time: 00:06:18

Health: -3/39      AC:  1    Str: 10 (11) XL:     6   Next: 13%
Magic:  9/9        EV: 13    Int: 12 (15) God:    Ru [......]
Gold:   124        SH:  0    Dex: 12 (13) Spells: 3/9 levels left

rFire   . . .      SeeInvis .     - Unarmed
rCold   . . .      Faith    .   (no shield)
rNeg    . . .      Spirit   .   (helmet restricted)
rPois   .          Reflect  .   (no amulet)
rElec   .          Harm     .   (no ring)
rCorr   .          Rampage  .   (no ring)
Will    .....                   (no ring)
Stlth   ++........              (no ring)
HPRegen 0.13/turn               (no ring)
MPRegen 0.11/turn               (no ring)
                                (no ring)
                                (no ring)

@: lethally poisoned (-3 -> -22)
A: almost no armour, amphibious, 8 rings, camouflage 1, gelatinous body 1,
(nimble swimmer 1), tentacles
a: Renounce Religion


You were on level 5 of the Dungeon.
You worshipped Ru.
Ru was noncommittal.
You visited 1 branch of the dungeon, and saw 5 of its levels.

You collected 124 gold pieces.

Inventory:

Jewellery
 d - a ring of fire
Wands
 r - a wand of digging (7)
Scrolls
 b - 3 scrolls of teleportation {unknown}
 f - 2 scrolls of amnesia {unknown}
 j - a scroll of fear {unknown}
 k - a scroll of enchant armour {unknown}
 l - a scroll of torment {unknown}
 n - a scroll of magic mapping {unknown}
 o - a scroll of identify {unknown}
 q - a scroll of fog {unknown}
Potions
 a - a potion of degeneration
 c - a potion of magic {unknown}
 e - a potion of might {unknown}
 g - a potion of attraction {unknown}
 h - a potion of mutation {unknown}
 i - a potion of curing {unknown}
 m - a potion of berserk rage {unknown}
 p - 2 potions of lignification {unknown}
 s - a potion of heal wounds {unknown}


   Skills:
 + Level 2.0 Fighting
 + Level 2.7 Dodging
 * Level 4.0 Unarmed Combat
 - Level 2.0 Spellcasting
 - Level 4.0 Transmutations
 - Level 3.0 Poison Magic


You had 3 spell levels left.
You knew the following spells:

 Your Spells              Type           Power      Damage    Failure   Level
a - Beastly Appendage     Tmut           20%        N/A       5%          1
b - Wereblood             Tmut           10%        N/A       8%          2
c - Spider Form           Tmut/Pois      9%         N/A       19%         3

Your spell library contained the following spells:

 Spells                   Type           Power      Damage    Failure   Level
 Ice Form                 Ice/Tmut       6%         N/A       75%         4
 Summon Forest            Summ/Tloc      0%         N/A       100%        5
 Eringya's Noxious Bog    Tmut/Pois      4%         N/A       100%        6
 Summon Hydra             Summ           0%         N/A       100%        7


Dungeon Overview and Level Annotations

Branches:
Dungeon (5/15)
 Temple: D:4-7

Altars:
Fedhas
Ru


Innate Abilities, Weirdness & Mutations

You cannot wear most types of armour.
You are amphibious.
You can wear up to eight rings at the same time.
Your skin changes colour to match your surroundings (Stealth+).
Your rubbery body absorbs attacks. (AC +1, EV +1)
((You are camouflaged when in or above water. (Stealth+)))
You have tentacles for arms and can constrict up to eight enemies at once.


Message History

There is a stone staircase leading up here.
You now have 124 gold pieces (gained 12).
A scorpion comes into view.
A scorpion is nearby!
A scorpion is nearby!
You see here 12 gold pieces.
Found 2 green potions.
The scorpion stings you. The scorpion completely misses you.
The scorpion stings you.
You are poisoned.
The scorpion poisons you!
You feel very sick. The scorpion closely misses you.
You closely miss the scorpion. Your grab misses the scorpion.
You feel sick. The scorpion stings you!
You closely miss the scorpion. You grab the scorpion.
You constrict the scorpion, but do no damage.
You feel sick. The scorpion stings you.
You are more poisoned.
The scorpion poisons you!
You tentacle-slap the scorpion. x2; You squeeze the scorpion.
The scorpion is moderately wounded.
You constrict the scorpion, but do no damage.
You feel very sick. The scorpion closely misses you.
You tentacle-slap the scorpion. You squeeze the scorpion.
The scorpion is severely wounded.
You constrict the scorpion.
* * * LOW HITPOINT WARNING * * *
You feel very sick. The scorpion stings you!
* * * LOW HITPOINT WARNING * * *
You are more poisoned.
The scorpion poisons you!
The scorpion stings you but does no damage.
It was a potion of degeneration.
There was something very wrong with that liquid.
You feel weakened.
You feel dopey.
You feel clumsy.
You constrict the scorpion.
You die...

#.......≈≈§######
##.......§§§#
#........#≈§≈#
##..$.....##≈≈≈#
#.........# #§≈≈#
###..#......#
#≈§≈
####...........#
#≈
#.....s........#
...##.@........#
## #......##..#
#.....## #.#
#.....# ##
#!...## #....#
....## ....#


You could see a scorpion.

Vanquished Creatures
  Blork the orc (D:4)
  A centaur skeleton (D:4)
  6 adders
  A worm (D:2)
  4 dart slugs
  2 orcs
  5 endoplasms
  3 giant cockroaches
  7 goblins
  14 hobgoblins
  6 jackals (D:3)
  7 kobolds
  5 quokkas
  9 ball pythons
  3 bats (D:3)
  A frilled lizard (D:3)
  5 rats
80 creatures vanquished.

Notes
Turn   | Place    | Note
-------+----------+-------------------------------------------
     0 | D:1      | sking99 the Octopode Transmuter began the quest for the
                  | Orb.
     0 | D:1      | Reached XP level 1. HP: 13/13 MP: 3/3
   507 | D:1      | Reached XP level 2. HP: 8/18 MP: 3/5
   961 | D:1      | Learned a level 2 spell: Wereblood
  1059 | D:1      | Reached XP level 3. HP: 23/23 MP: 6/6
  1597 | D:2      | Learned a level 3 spell: Spider Form
  1601 | D:2      | Found a faded altar of an unknown god.
  2024 | D:2      | Reached skill level 1 in Poison Magic
  2216 | D:2      | Reached XP level 4. HP: 24/29 MP: 5/7
  2797 | D:2      | Found a blossoming altar of Fedhas.
  3650 | D:3      | Reached XP level 5. HP: 34/34 MP: 8/8
  4337 | D:4      | Found a sacrificial altar of Ru.
  4578 | D:4      | Noticed Blork the orc
  4586 | D:4      | Killed Blork the orc
  4587 | D:4      | Reached XP level 6. HP: 26/39 MP: 7/9
  4818 | D:4      | Became a worshipper of Ru the Awakened
  4848 | D:5      | Entered Level 5 of the Dungeon
  5063 | D:5      | HP: 1/39 [scorpion (9)]
  5064 | D:5      | Succumbed to a scorpion's poison

Illustrated notes

Levels and vault maps discovered:
D:1:      dpeg_arrival_simpleton_b, layout_loops_ring, minmay_tromino_i4
D:2:      layout_loops_ring, nicolae_ecumenical_lake_church, basic_altar
D:3:      layout_basic
D:4:      layout_loops_ring, mainiacjoe_overflow_concentric_impassable,
          uniq_blork_the_orc
D:5:      layout_layer_cave, led_sif_pool, minmay_temple_entry_trees,
          kennysheep_opposing_triangles

Skill      XL: |  1  2  3  4  5 |
---------------+----------------+-----
Poison Magic   | 1 2 3 |  3.0
Transmutations | 3 4 |  4.0
Fighting       | 2 |  2.0
Unarmed Combat | 4 |  4.0
Dodging        | |  2.7
Spellcasting   | |  2.0

Action                   |  1- 3 |  4- 6 || total
-------------------------+-------+-------++-------
Melee: Unarmed           |    76 |   118 ||   194
       Kick              |    20 |     8 ||    28
       Constrict         |    20 |    30 ||    50
       Tentacles         |    10 |    28 ||    38
       Punch             |     3 |     4 ||     7
 Cast: Beastly Appendage |    16 |     5 ||    21
  Use: Potion            |       |     1 ||     1
 Stab: Sleeping          |     4 |    10 ||    14
Armor: Skin              |     3 |     9 ||    12
Dodge: Dodged            |    37 |    77 ||   114
